cohdb
Replays
Latest Replays
All Replays
Popular Replays
Top Player Replays
Match Explorer
How It Works
Community
CoH3 Stats
Reddit
Sign in to upload your games and track your stats! →
Sign in with Steam
Match 42748246
Unlisted
Match 42748246
Overview
Messages
Build Orders
End
Scout Squad
Selects Heavy Weapons
Construct Weapon Support Center
Engineer Squad
M1919 Machine Gun Team
Bazooka Squad
M1919 Machine Gun Team
Construct Barracks
Selects Assault Carriers
Infantry Support Center
M3 Assault Carrier
Construct Medical Station
Selects Exchangeable Parts
Riflemen Squad
Bazooka Squad
Engineer Squad
K̳itsuné
FutureNP
0
0
Comments
sign in to comment!
No comments posted yet!